[Event "*** Titled Tuesday 3|2 Blitz (Early)"]
[Site "Chess.com"]
[Date "2017.01.03"]
[Round "2"]
[White "petrpalachev"]
[Black "ajkom197"]
[Result "1/2-1/2"]
[WhiteElo "2415"]
[BlackElo "2299"]
[TimeControl "180+2"]
[EndTime "11:25:18 PST"]
[Termination "Game drawn by agreement"]

1. d4 d5 2. Nf3 Nf6 3. e3 Bf5 4.
c4 c6 5. Nc3 e6 6. Nh4 Bg4 7.
Qb3 Qb6 8. h3 Bh5 9. g4 Bg6 10.
Nxg6 hxg6 11. Bg2 Nbd7 12. Bd2 O-O-O 13. O-O-O Bd6 14. Kb1 Qxb3 15. axb3 Bc7 16. Kc2 Rde8 17. Rhe1 Kb8 18. f4 Re7 19. Ra1 Ne8 20. Kd3 f5 21. g5 Nd6 22. c5 Ne4 23. Nxe4 fxe4+ 24. Ke2 Rf7 25. Rh1 a6 26. Ba5 Bxa5 27. Rxa5 Kc7 28. b4 Rh7 29. Kf2 Rf8 30. Kg3 Rfh8 31. h4 Nf8 32. Bf1 Nd7 33. Be2 Nb8 34. Bg4 Kd7 35. b3 Ke7 36. Ra2 Kf7 37. Rah2 Nd7 38. Kf2 Ke7 39. Ke2 Kf7 40. Kd2 Ke7 41. Kc3 Kf7 42.
Kb2 Ke7 43. Ka3 Nf8 44. Ka4 Kd8 45. Rh3 Kd7 46. Ka5 Kc7 47. R3h2 Kb8 48. b5 axb5 49. Kb4 Kc7 50. Ka5 Kb8 51. Kb4 Kc7 52. Kc3 Kd7 53. b4 Ke7 54. Kb3 Nd7 55. Bd1 Nb8 56. Rh3 Na6 57. h5 gxh5 58. Rxh5 Rxh5 59. Rxh5 Rxh5 60. Bxh5 Nb8 61. Kc3 Nd7 62. Kd2 Nf8 63. Ke1 g6 64. Bg4 Kf7 65. Kd2 Ke7 66. Kc3 Nd7 67. Kb3 Nb8 68.
Ka3 Na6 69. Kb3 Nc7 70. Kc3 Ne8 71. Kd2 Ng7 72. Kc2 Nf5 73. Bxf5 exf5 74. Kc3 Kd7 75. Kb3 Kc7 76. Kc3 b6 77. cxb6+ Kxb6 78. Kb3 1/2-1/2

[Event "*** Titled Tuesday 3|2 Blitz (Early)"]
[Site "Chess.com"]
[Date "2017.01.03"]
[Round "2"]
[White "BillieKimbah"]
[Black "GrigorGrigorov"]
[Result "1/2-1/2"]
[WhiteElo "2583"]
[BlackElo "2484"]
[TimeControl "180+2"]
[EndTime "11:25:23 PST"]
[Termination "Game drawn by repetition"]

1. Nf3 g6 2. d4 Nf6 3. g3 Bg7 4. Bg2 O-O 5. O-O c5 6. dxc5 Na6 7. Be3 Ne4 8. Bd4 Nexc5 9. Bxg7 Kxg7 10. c4 d6 11. Nc3 Be6 12. Rc1 Rc8 13. b3 Qa5 14. Qd4+ Kg8 15. Rfd1 Nb4 16. Qd2 Nc6 17. h4 f6 18. Qe3 Bf7 19. Nd4 Rfe8 20. Bd5 Nxd4 21.
Bxf7+ Kxf7 22. Rxd4 Kg7 23. Rd2 a6 24. Nd5 Nd7 25.
b4 Qd8 26. c5 Ne5 27. Rdd1 Rc6 28. a4 Qb8 29. b5 axb5 30. axb5 Rxc5 31. Rxc5 dxc5 32.
Qxc5 Qd8 33. b6 Nf7 34. Ne3 Nd6 35. h5 Qc8 36. Qd5 Rd8 37. Qb3 Nf7 38. Rxd8 Qxd8 39. hxg6 hxg6 40. Kg2 Nd6 41. Qe6 Kf8 42. Nd5 Nf7 43. Nf4 Kg7 44. Qe4 Qxb6 45. Qxg6+ Kf8 46. Nh5 Qc6+ 47. Kh2 Qc4 48. Qg7+ Ke8 49. Nf4 Ne5 50. Qh8+ Kd7 51. Qb8 b5 52. Qb7+ Kd6 53. Qb6+ Nc6 54. Nd3 b4 55. Qb7 Qe4 56. Qb6 Qc4 57. Kg1 b3 58.
Kh2 Qc2 59. Kg1 Qd1+ 60. Kg2 Qxe2 61. Qxb3 Qe4+ 62. Kg1 Nd4 63. Qb4+ Kc6 64. Qc4+ Kb6 65. Qc5+ Ka6 66. Qa3+ Kb5 67. Qc5+ Ka6 68. Qc8+ Kb5 69. Qc5+ Ka6 70. Qa3+ Kb5 71. Qb4+ Kc6 72. Qc4+ Kb6 73. Qb4+ Kc6 74. Qc4+ 1/2-1/2

[Event "*** Titled Tuesday 3|2 Blitz (Early)"]
[Site "Chess.com"]
[Date "2017.01.03"]
[Round "2"]
[White "ChessWarrior7197"]
[Black "Th3ChessViking"]
[Result "1-0"]
[WhiteElo "2512"]
[BlackElo "2411"]
[TimeControl "180+2"]
[EndTime "11:25:29 PST"]
[Termination "ChessWarrior7197 won by resignation"]

1. e4 e6 2. d4 d5 3. Nd2 Nf6 4. e5 Nfd7 5. Bd3 c5 6. c3 Nc6 7. Ne2 cxd4 8. cxd4 f6 9. exf6 Nxf6 10. Nf3 Bd6 11. O-O Qc7 12. h3 O-O 13. Be3 Bd7 14. a3 Rae8 15. Rc1 Bc8 16. b4 a6 17. Qb3 Nh5 18. Ng5 g6 19. a4 Qg7 20. b5 axb5 21.
axb5 Na5 22. Qb1 Bd7 23. f4 Nf6 24. Nf3 Rc8 25. Ne5 Rxc1 26. Rxc1 Rc8 27. Rf1 Be8 28. Bf2 Nc4 29. Qa2 Nb6 30. Bh4 Nfd7 31. Kh1 Be7 32.
Be1 Nxe5 33. dxe5 Bc5 34. Bd2 Qe7 35. Rc1 Ra8 36. Qb1 Ba3 37. Rf1 Bc5 38. Bc3 Nc4 39.
Bxc4 dxc4 40. Ng3 Qd7 41. Ne4 Be7 42. Bb4 Rc8 43. Bxe7 Qxe7 44. Nf6+ Kg7 45. Rc1 Qc5 46. Qe4 Qc7 47. b6 Qe7 48. Rxc4 Rxc4 49. Qxc4 Bc6 50. Qd4 h6 51. Kh2 Kf7 52. Ne4 Kg7 53. Nd6 Qd7 54. Qa1 Qd8 55. Qa7 Qd7 56. Qb8 Qe7 57. Qc7 Kf8 58.
Qc8+ Kg7 59. Qc7 Kf8 60. Nc8 Qd7 61. Qxd7 Bxd7 62. Nd6 Bc6 63. Kg3 Ke7 64. h4 Kf8 65. Kh3 Kg7 66. g4 Bh1 67. Kh2 Bc6 68. Kg3 Kf8 69.
f5 gxf5 70. gxf5 exf5 71. Kf4 Ke7 72. Nxf5+ Ke6 73. Nxh6 Kd5 74. h5 Be8 75. Ng4 Kc5 76.
Nf6 Bf7 77. h6 Bg6 78. e6 1-0

[Event "*** Titled Tuesday 3|2 Blitz (Early)"]
[Site "Chess.com"]
[Date "2017.01.03"]
[Round "2"]
[White "superjem123"]
[Black "Keranke"]
[Result "0-1"]
[WhiteElo "2464"]
[BlackElo "2596"]
[TimeControl "180+2"]
[EndTime "11:25:37 PST"]
[Termination "Keranke won on time"]

1. c4 g6 2. g3 Bg7 3. Bg2 Nf6 4.
Nc3 O-O 5. e4 d6 6. Nge2 c5 7. f4 Nc6 8. O-O a6 9. d3 Rb8 10. h3 Ne8 11. f5 b5 12. g4 Ne5 13. b3 b4 14. Nd5 e6 15. f6 Nxf6 16. Nxf6+ Bxf6 17. Bh6 Bg7 18. Bxg7 Kxg7 19. d4 cxd4 20.
Qxd4 Qb6 21. Rad1 a5 22. Kh1 Qxd4 23. Rxd4 Rd8 24. Rfd1 Kf6 25. c5 Ba6 26. Ng1 Nd3 27.
Rf1+ Ke7 28. cxd6+ Rxd6 29. Rxd6 Kxd6 30. Rxf7 Nc1 31.
Ra7 Rb6 32. Nf3 Nxa2 33. e5+ Kc5 34. Bf1 Bxf1 35. Rxa5+ Rb5 36. Rxa2 Bd3 37. Kg1 Be4 38. Kf2 Bxf3 39. Kxf3 Kd4 40. Rc2 Kxe5 41. Rc4 Kd5 42. Ke3 e5 43. h4 Rb7 44. g5 Rb8 45. Ke2 Ke6 46. Ke3 Kf5 47. Ke2 Rb7 48. Ke3 Rb6 49. Ke2 Rb5 50. Ke3 Rb7 51. Ke2 Rd7 52. Rxb4 e4 53.
Rb8 Kg4 54. b4 Kxh4 55. b5 Kxg5 56. b6 h5 57. Rc8 Rb7 58. Rc5+ Kf4 59. Rb5 g5 60. Kf2 h4 61. Kg2 g4 62. Rb4 h3+ 63.
Kh2 Kf3 64. Rb5 e3 65. Rf5+ Ke4 66. Rb5 e2 67. Rb4+ Kf3 68. Rb3+ Kf2 69. Rb2 Kf1 70. Rb1+ e1=Q 71. Kh1 Qxb1 0-1

[Event "*** Titled Tuesday 3|2 Blitz (Early)"]
[Site "Chess.com"]
[Date "2017.01.03"]
[Round "2"]
[White "FrankieJay"]
[Black "rubhani"]
[Result "1/2-1/2"]
[WhiteElo "2294"]
[BlackElo "2402"]
[TimeControl "180+2"]
[EndTime "11:26:00 PST"]
[Termination "Game drawn - insufficient material"]

1. e4 c6 2. d4 d5 3. e5 Bf5 4. Nf3 e6 5. Be2 Nd7 6. O-O h6 7. Nbd2 Ne7 8. a4 a6 9. a5 c5 10. dxc5 Nc6 11. Nb3 Nxc5 12. Nbd4 Be4 13. c3 Be7 14. b4 Nd7 15. Nxc6 bxc6 16. Nd4 Qc7 17. f3 Bh7 18. f4 O-O 19. Be3 c5 20. bxc5 Nxc5 21. Rf3 Ne4 22. Bd3 Qxc3 23. Ne2 Qc7 24. Bb6 Bc5+ 25. Bxc5 Qxc5+ 26. Kf1 Rfc8 27. g4 Qc7 28. Kg2 Rf8 29. Nd4 Qc5 30. Nb3 Qb4 31.
f5 Rab8 32. Bxa6 Nc3 33. Qc2 Qxg4+ 34. Rg3 Qe4+ 35. Qxe4 Nxe4 36. Rf3 Bxf5 37. Nd4 Bg4 38. Rb3 Nc5 39. Rxb8 Rxb8 40. Bb5 f6 41. exf6 e5 42.
Nc6 Rxb5 43. a6 Nxa6 44. f7+ Kxf7 45. Nxe5+ Ke6 46. Nxg4 Nc5 47. Ra7 Rb7 48. Ra8 Ne4 49. Re8+ Re7 50. Rd8 Rd7 51. Re8+ Kf5 52. Ne3+ Kf4 53.
Nc2 d4 54. Rf8+ Nf6 55. Kf2 d3 56. Ne3 d2 57. Nd1 Ke4 58. Ke2 Nd5 59. Re8+ Re7 60. Rxe7+ Nxe7 61. Kxd2 Kf3 62. Ne3 g5 63. Kd3 h5 64.
Kd2 h4 65. Kd3 Ng6 66. Kd2 Ne5 67. Nf1 Kg2 68. Ke2 Nf3 69. h3 Ng1+ 70. Ke1 Nxh3 71. Ne3+ Kg3 72. Kf1 Kf3 73. Nf5 Nf4 74. Kg1 h3 75.
Kh2 g4 76. Nh4+ Kf2 77. Nf5 Ne2 78. Ng3 Nd4 79. Ne4+ Kf3 80. Ng5+ Kf4 81. Nxh3+ Kf3 82. Ng1+ Kf2 83. Nh3+ Kf3 84. Ng5+ Kf4 85. Nh3+ Kf5 86. Nf2 Ne2 87. Nxg4 Kxg4 1/2-1/2

[Event "*** Titled Tuesday 3|2 Blitz (Early)"]
[Site "Chess.com"]
[Date "2017.01.03"]
[Round "2"]
[White "AdrianaNikolova"]
[Black "fastestmindalive"]
[Result "1-0"]
[WhiteElo "2261"]
[BlackElo "2438"]
[TimeControl "180+2"]
[EndTime "11:26:07 PST"]
[Termination "AdrianaNikolova won by resignation"]

1. e4 c5 2. Nf3 Nc6 3. c3 g6 4. d4 cxd4 5. cxd4 Bg7 6. Nc3 Nf6 7.
e5 Ng8 8. Bb5 a6 9. Ba4 d5 10.
Bxc6+ bxc6 11. Nh4 e6 12. Nf3 Ne7 13. Bg5 h6 14.
Bxe7 Qxe7 15. Rc1 O-O 16. O-O c5 17. dxc5 Qxc5 18. Ne4 Qxc1 19. Nf6+ Bxf6 20. Qxc1 Bg7 21. h4 h5 22. Qf4 Bd7 23. g4 f6 24. gxh5 fxe5 25. Qg3 Rf5 26. h6 Bxh6 27. Nxe5 Be8 28. Nxg6 Kh7 29. Ne7 Rf8 30. Kh1 Bh5 31. f4 Rae8 32.
Qd3+ Rf5 33. Nxf5 Bg6 34. Rg1 Bxf5 35. Qd4 Be4+ 36. Kh2 Bxf4+ 37. Kh3 Re7 38. Qf6 Bf5+ 39. Kg2 Rc7 40. Kf3 Bh6 41. Qe5 Rc2 42. Rf1 Bg7 43. Qd6 Rxb2 44. Ke3 d4+ 45. Kf4 Rxa2 46. Kg3 Re2 47.
Rxf5 exf5 48. Qd7 Re5 49. Kf4 Rb5 50. h5 d3 51. Qxd3 Bh6+ 52. Kf3 Re5 53. Qd7+ Bg7 54. Qd6 Ra5 55. Qg6+ Kh8 56. h6 Ba1 57. Qe6 Ra3+ 58. Kf4 Ra4+ 59. Kxf5 Ra3 60. Qe8+ Kh7 61. Qg6+ Kh8 62.
Ke6 Re3+ 63. Kf7 Rf3+ 64. Ke7 Bf6+ 65. Kd7 Rf2 66. Ke8 a5 67. Kf7 Bc3+ 68. Ke8 a4 69. Qc6 Bf6 70. Qxa4 Kh7 71. Qa7+ Kxh6 72. Qxf2 Kg6 73.
Qf3 Kg5 74. Kd7 Kg6 75. Kc6 Bg5 76. Kd5 Bf6 77. Ke6 Bg5 78. Qf5+ Kh5 79. Kf7 Kh4 80. Kg6 Bd2 81. Qh5+ Kg3 82. Qe5+ Bf4 83. Qe4 Kg4 84. Kf6 Kg3 85. Kf5 Bh6 86. Qg4+ Kf2 87. Qh4+ 1-0

[Event "*** Titled Tuesday 3|2 Blitz (Early)"]
[Site "Chess.com"]
[Date "2017.01.03"]
[Round "2"]
[White "SwiftyMcBishop"]
[Black "HK1974"]
[Result "0-1"]
[WhiteElo "2116"]
[BlackElo "2179"]
[TimeControl "180+2"]
[EndTime "11:26:12 PST"]
[Termination "HK1974 won by resignation"]

1. e4 c5 2. Nf3 e6 3. c3 d5 4.
exd5 exd5 5. d4 Nf6 6. Bd3 cxd4 7. cxd4 Bb4+ 8. Nc3 O-O 9. O-O Bg4 10. h3 Bxf3 11. Qxf3 Nc6 12. Ne2 h6 13. Bf4 Re8 14. a3 Bd6 15. Rfe1 Ne4 16. Rad1 Qf6 17. Bxe4 Rxe4 18.
Bxd6 Qxd6 19. Nc3 Nxd4 20. Qd3 Rf4 21. Qg3 Nf5 22. Rxd5 Qxd5 23. Qxf4 Qd3 24. Qe4 Qd7 25. Nd5 Nd6 26. Qd3 Re8 27. Rxe8+ Qxe8 28. g3 Qe5 29. Ne3 g6 30. Qb3 b6 31. Qc3 Qxc3 32.
bxc3 Ne4 33. c4 Nd2 34. Kg2 f5 35. f4 Kf7 36. g4 Ke6 37. Kg3 fxg4 38. hxg4 Ne4+ 39.
Kh4 g5+ 40. fxg5 hxg5+ 41. Kh5 Ke5 42. Nd5 Kd4 43. Nb4 Kxc4 44. Kg6 a5 45. Nc6 a4 46. Kf5 Nf2 47. Kxg5 Kb3 48. Kf4 Nxg4 49. Kxg4 Kxa3 50. Kf3 Kb2 51. Ke2 a3 52. Nb4 a2 53. Nxa2 Kxa2 54.
Kd3 b5 55. Kc3 Ka3 56. Kc2 b4 57. Kb1 Kb3 58. Kc1 Ka2 59. Kc2 b3+ 60. Kc3 b2 61.
Kd4 b1=Q 62. Kd5 Qb3+ 63. Ke5 Kb2 64. Kf6 Kc2 65. Ke5 Kd3 66. Kd6 Qb4+ 67. Ke6 Qb5 68.
Kf6 Ke4 0-1

[Event "*** Titled Tuesday 3|2 Blitz (Early)"]
[Site "Chess.com"]
[Date "2017.01.03"]
[Round "2"]
[White "FlySooHigh"]
[Black "johnathan113"]
[Result "1-0"]
[WhiteElo "2474"]
[BlackElo "2297"]
[TimeControl "180+2"]
[EndTime "11:26:39 PST"]
[Termination "FlySooHigh won by resignation"]

1. e4 g6 2. d4 Nf6 3. Nc3 d5 4. e5 Ne4 5. Bd3 Nxc3 6. bxc3 c5 7.
Nf3 Nc6 8. O-O Qa5 9. Bd2 c4 10. Be2 Bg4 11. Ng5 Bxe2 12. Qxe2 h6 13. Nh3 e6 14. g4 Ba3 15. Rab1 O-O-O 16. f4 h5 17. Ng5 Rdf8 18. f5 gxf5 19. gxf5 Be7 20. f6 Bd8 21.
Rb2 Bb6 22. Kh1 Qa3 23. Rfb1 h4 24. Qg4 Rfg8 25. h3 Rg6 26. Qf4 Qf8 27. Rg1 Rhg8 28. Qxh4 Qa3 29. Rbb1 Nd8 30. Qh7 Qf8 31. Qh4 Qa3 32.
Qh7 Qf8 33. Qh4 Rh8 34. Qg4 Qa3 35. Qf3 Qxa2 36. Rbc1 Qa3 37. Kh2 Qf8 38. Rg3 Rhg8 39. Rcg1 Qa3 40. Qd1 Qf8 41. h4 Rh8 42. Rh3 Rgh6 43.
h5 Rg8 44. Rh4 Ba5 45. Nh3 Rgh8 46. Bxh6 Qxh6 47. Qf3 Qd2+ 48. Rg2 Qe1 49. Qg3 Bxc3 50. h6 Qxg3+ 51. Kxg3 Be1+ 52. Nf2 a5 53. h7 a4 54. Kf3 a3 55. Rg1 Bc3 56. Rg8 Rxh7 57.
Rxh7 a2 58. Rg1 a1=Q 59. Rxa1 Bxa1 60. Rh4 Nc6 61. Ke3 b5 62. Nd1 b4 63. Rg4 Kd7 64. Rh4 Kc7 65. Rg4 Kb6 66. Rh4 b3 67. cxb3 cxb3 68.
Kd3 Kb5 69. Nc3+ Kb4 70. Nb1 Bb2 71. Rg4 Ba1 72. Rh4 Bb2 73. Rg4 Ka4 74. Rh4 Nb4+ 75.
Kd2 Nc2 76. Kd3 Ne1+ 77. Ke2 Nc2 78. Kd3 Kb4 79. Rg4 Ne1+ 80. Ke2 Nc2 81. Kd3 Na3 82.
Nxa3 Kxa3 83. Rg7 Bc1 84. Rxf7 b2 85. Kc2 Kb4 86. Rb7+ Kc4 87. f7 Bh6 88. Rb8 Kxd4 89. f8=Q Bxf8 90. Rxf8 Kxe5 91. Kxb2 Kd4 92. Re8 e5 93.
Kc2 Ke4 94. Kd2 d4 95. Re7 Kf3 96. Kd3 e4+ 97. Rxe4 1-0

[Event "*** Titled Tuesday 3|2 Blitz (Early)"]
[Site "Chess.com"]
[Date "2017.01.03"]
[Round "3"]
[White "GMNeiksans"]
[Black "Kouzari"]
[Result "0-1"]
[WhiteElo "2631"]
[BlackElo "2405"]
[TimeControl "180+2"]
[EndTime "11:29:22 PST"]
[Termination "Kouzari won by resignation"]

1. e4 e6 2. d4 d5 3. Nd2 c5 4.
Ngf3 cxd4 5. Nxd4 Nc6 6. Bb5 Bd7 7. Nxc6 bxc6 8. Bd3 Qc7 9. c4 Bd6 10. exd5 cxd5 11.
cxd5 exd5 12. Nf3 Ne7 13. O-O O-O 14. Be3 Nf5 15. Bxf5 Bxf5 16. Qxd5 Be6 17. Qh5 f6 18. Rac1 Qf7 19. b3 Qxh5 0-1

[Event "*** Titled Tuesday 3|2 Blitz (Early)"]
[Site "Chess.com"]
[Date "2017.01.03"]
[Round "3"]
[White "VMikhalevski"]
[Black "ItalianMachine"]
[Result "1-0"]
[WhiteElo "2468"]
[BlackElo "2231"]
[TimeControl "180+2"]
[EndTime "11:30:23 PST"]
[Termination "VMikhalevski won by resignation"]

1. Nf3 e6 2. g3 f5 3. Bg2 Nf6 4. O-O d6 5. c4 Be7 6. Nc3 O-O 7. d4 Nc6 8. d5 exd5 9. cxd5 Ne5 10. Nd4 Qe8 11. Qb3 Qh5 12. Bf4 Ng6 13. e3 Nxf4 14. exf4 Rf7 15. Rfe1 Nd7 16. Ne6 Nc5 17. Nxc5 dxc5 18. d6 Bxd6 19. Re8+ Bf8 20. Rd1 c6 1-0

[Event "*** Titled Tuesday 3|2 Blitz (Early)"]
[Site "Chess.com"]
[Date "2017.01.03"]
[Round "3"]
[White "capatl"]
[Black "Jahonas"]
[Result "1-0"]
[WhiteElo "2347"]
[BlackElo "2144"]
[TimeControl "180+2"]
[EndTime "11:30:26 PST"]
[Termination "capatl won by resignation"]

1. c4 e6 2. Nc3 Nf6 3. d4 d5 4.
Nf3 Nbd7 5. Bg5 Be7 6. cxd5 exd5 7. e3 c6 8. Bd3 Nf8 9. O-O Ne6 10. Bxf6 Bxf6 11.
b4 O-O 12. Qc2 g6 13. a4 Ng7 14. b5 Bf5 15. bxc6 bxc6 16. Rab1 Bxd3 17. Qxd3 Qa5 18.
Rfc1 Rab8 19. Nd2 c5 20. Rxb8 Rxb8 21. Nxd5 Bd8 22. Rxc5 Qxd2 23. Qxd2 Rb1+ 24. Rc1 Ba5 25. Qd1 1-0

[Event "*** Titled Tuesday 3|2 Blitz (Early)"]
[Site "Chess.com"]
[Date "2017.01.03"]
[Round "3"]
[White "johnathan113"]
[Black "Andrejkin"]
[Result "1-0"]
[WhiteElo "2309"]
[BlackElo "2176"]
[TimeControl "180+2"]
[EndTime "11:31:33 PST"]
[Termination "johnathan113 won by resignation"]

1. e4 e5 2. Nf3 Nc6 3. d4 exd4 4.
Nxd4 Nf6 5. Nxc6 bxc6 6. e5 Qe7 7. Qe2 Nd5 8. h4 a5 9. Bg5 Qb4+ 10. c3 Qb6 11. c4 h6 12. Bc1 Bb4+ 13. Nd2 Nf4 14.
Qg4 Ne6 15. Bd3 Bxd2+ 16. Bxd2 Qxb2 17. Rb1 Qxe5+ 18. Be3 f5 19. Qg6+ Ke7 20. Bxf5 Nf4 21. Qg4 g6 22. Bxg6 Nxg6 23. Qxg6 d6 24. O-O Ba6 25.
Rfe1 Kd7 26. Bxh6 Qd4 27. Qe6+ Kd8 28. Bg5+ 1-0

[Event "*** Titled Tuesday 3|2 Blitz (Early)"]
[Site "Chess.com"]
[Date "2017.01.03"]
[Round "3"]
[White "saraswathii"]
[Black "GMMelik"]
[Result "0-1"]
[WhiteElo "1604"]
[BlackElo "2417"]
[TimeControl "180+2"]
[EndTime "11:31:40 PST"]
[Termination "GMMelik won by resignation"]

1. e4 e5 2. Nf3 Nc6 3. d3 Nf6 4. g3 Bc5 5. Bg2 O-O 6. O-O d6 7. h3 a6 8. c3 h6 9. Qe2 Re8 10. Nbd2 d5 11. exd5 Nxd5 12. Nh4 Nf4 13. gxf4 Qxh4 14. Ne4 Bb6 15. fxe5 Bxh3 16. d4 Nxe5 17.
Bxh3 Qxh3 18. dxe5 Rxe5 19. Ng5 Qg3+ 20. Kh1 Qh4+ 0-1

[Event "*** Titled Tuesday 3|2 Blitz (Early)"]
[Site "Chess.com"]
[Date "2017.01.03"]
[Round "3"]
[White "Vrolijk"]
[Black "RobertoJBM"]
[Result "0-1"]
[WhiteElo "2248"]
[BlackElo "2472"]
[TimeControl "180+2"]
[EndTime "11:31:43 PST"]
[Termination "RobertoJBM won by resignation"]

1. e4 c6 2. Nc3 d5 3. Nf3 dxe4 4.
Nxe4 Bg4 5. h3 Bxf3 6. Qxf3 Nd7 7. d4 Ndf6 8. c3 Nxe4 9. Qxe4 Nf6 10. Qf3 Qd5 11. Be2 e6 12. O-O Bd6 13. Qxd5 Nxd5 14. g3 h5 15. h4 g6 16. Kg2 O-O-O 17. Bg5 Be7 18. Bd2 Bf6 19. Rad1 Rd7 20. a4 Rhd8 21. Bc1 a6 22. Bf3 Ne7 23. Rfe1 Nf5 24. Bf4 Be7 25. Be4 Bd6 26. Bxf5 gxf5 27. Bxd6 Rxd6 28. Re5 Kd7 29. Rde1 Rg8 30. Kf3 Kc7 31. Ra1 Rg4 32. Re2 Rd8 33. Re5 Rdg8 34. Ra3 Kd6 35. Rb3 f6 36.
Re2 R8g7 37. Ra3 f4 38. gxf4 Rxh4 39. Rb3 Rh3+ 0-1

[Event "*** Titled Tuesday 3|2 Blitz (Early)"]
[Site "Chess.com"]
[Date "2017.01.03"]
[Round "3"]
[White "HK1974"]
[Black "stefanodinn"]
[Result "1-0"]
[WhiteElo "2192"]
[BlackElo "2233"]
[TimeControl "180+2"]
[EndTime "11:32:05 PST"]
[Termination "HK1974 won by resignation"]

1. e4 c5 2. Nf3 d6 3. Nc3 Nf6 4. d4 cxd4 5. Qxd4 Nc6 6. Bb5 Bd7 7. Bxc6 Bxc6 8. Bg5 e6 9. O-O-O Be7 10. Kb1 O-O 11. Qd3 Qa5 12. h4 Rfd8 13. Nd4 Be8 14. f4 a6 15. f5 e5 16. Bxf6 Bxf6 17. Nb3 Qc7 18. Nd5 Qc6 19. g4 1-0

[Event "*** Titled Tuesday 3|2 Blitz (Early)"]
[Site "Chess.com"]
[Date "2017.01.03"]
[Round "3"]
[White "aspired"]
[Black "QuintilianoR"]
[Result "1-0"]
[WhiteElo "2397"]
[BlackElo "2533"]
[TimeControl "180+2"]
[EndTime "11:32:17 PST"]
[Termination "aspired won by resignation"]

1. e4 c5 2. Nf3 d6 3. Bb5+ Nd7 4.
O-O a6 5. Bd3 Ngf6 6. Re1 b5 7. c4 Rb8 8. Nc3 Ne5 9. Nxe5 dxe5 10. Bf1 b4 11. Nd5 e6 12. Nxf6+ gxf6 13. a3 a5 14.
axb4 axb4 15. Ra7 Bd7 16. d3 Qb6 17. Ra1 Bd6 18. Qh5 Ke7 19. Bh6 Ra8 20. Rxa8 Rxa8 21. Bg7 b3 22. Qh4 Qb4 23. Bxf6+ Ke8 24. Re2 1-0

[Event "*** Titled Tuesday 3|2 Blitz (Early)"]
[Site "Chess.com"]
[Date "2017.01.03"]
[Round "3"]
[White "Iball95"]
[Black "BjarkeSahl"]
[Result "1-0"]
[WhiteElo "2451"]
[BlackElo "2236"]
[TimeControl "180+2"]
[EndTime "11:33:08 PST"]
[Termination "Iball95 won by resignation"]

1. e4 c5 2. Nf3 e6 3. g3 d5 4.
exd5 exd5 5. Bg2 Nf6 6. O-O Be7 7. d4 c4 8. b3 cxb3 9. axb3 O-O 10. c4 Nc6 11. Nc3 Nb4 12. Ba3 a5 13. Ne5 Bf5 14.
Bxb4 Bxb4 15. Nxd5 Nxd5 16. Bxd5 Qc7 17. Qf3 Bc8 18.
c5 Ra6 19. Nc4 Rf6 20. Qg2 Rd8 21. Nb6 Bg4 22. Bxb7 Rxd4 23. Nd5 Rxd5 24. Bxd5 Qxc5 25. Rac1 Qd6 26. h3 Bd7 27. Rfd1 Qe7 28. Qe4 Qd8 29. Bc6 1-0

[Event "*** Titled Tuesday 3|2 Blitz (Early)"]
[Site "Chess.com"]
[Date "2017.01.03"]
[Round "3"]
[White "Canonkasparov"]
[Black "jcgs1030"]
[Result "0-1"]
[WhiteElo "2309"]
[BlackElo "2326"]
[TimeControl "180+2"]
[EndTime "11:33:16 PST"]
[Termination "jcgs1030 won by resignation"]

1. d4 Nf6 2. Nf3 g6 3. Bg5 Ne4 4. Bh4 c5 5. e3 Qb6 6. Qc1 Bg7 7. c3 d5 8. Nbd2 Nc6 9. Nxe4 dxe4 10. Nd2 f5 11. Nc4 Qc7 12. dxc5 Ne5 13. Nxe5 Qxe5 14. Bb5+ Kf7 15. Bc4+ Be6 16. Bxe6+ Kxe6 17. O-O Qxc5 18.
Rd1 Rhd8 19. Qc2 Qc4 20. Rd2 Rd3 21. Rxd3 exd3 22. Qb3 b5 23. Kf1 a5 24. Bg3 a4 25.
Qd1 d2+ 26. Qe2 Rd8 27. Qxc4+ bxc4 28. Ke2 a3 29. bxa3 Bxc3 30. Rd1 Ba5 31. Rb1 c3 32. Kd1 Rd7 33. Kc2 Kd5 34. f3 Kc4 35. Be5 Rd5 36.
f4 Rb5 37. Rb3 e6 38. a4 d1=Q+ 39. Kxd1 Rxb3 40. axb3+ Kxb3 41. Kc1 Bb4 0-1

[Event "*** Titled Tuesday 3|2 Blitz (Early)"]
[Site "Chess.com"]
[Date "2017.01.03"]
[Round "3"]
[White "Zlatan56"]
[Black "Frolyanov_D"]
[Result "0-1"]
[WhiteElo "2664"]
[BlackElo "2500"]
[TimeControl "180+2"]
[EndTime "11:33:17 PST"]
[Termination "Frolyanov_D won by resignation"]

1. d4 d5 2. c4 e6 3. Nf3 Nf6 4. g3 dxc4 5. Bg2 Nc6 6. O-O Rb8 7. Qc2 b5 8. Rd1 Bb7 9. a3 Be7 10. Nc3 a6 11. e4 O-O 12. Bg5 h6 13. d5 exd5 14. Bxf6 Bxf6 15. Nxd5 Qd6 16. Nb6 Nd4 17.
Nxd4 Qxb6 18. Nf5 Rbd8 19. h4 Qe6 20. Rxd8 Rxd8 21. Re1 Qe5 22. Re2 Rd3 23. f4 Qc5+ 24. Kh2 Bc8 25. b4 Qb6 26. Bf1 Bxf5 27. exf5 Rd8 28.
Bg2 Qd4 29. Re4 Qd3 30. Qf2 c3 31. Re2 Qd1 32. Re1 c2 33. Bf3 Rd2 0-1

[Event "*** Titled Tuesday 3|2 Blitz (Early)"]
[Site "Chess.com"]
[Date "2017.01.03"]
[Round "3"]
[White "Feegus"]
[Black "Firebullet"]
[Result "1/2-1/2"]
[WhiteElo "2316"]
[BlackElo "2303"]
[TimeControl "180+2"]
[EndTime "11:33:34 PST"]
[Termination "Game drawn by agreement"]

1. Nf3 c5 2. g3 Nc6 3. Bg2 g6 4. O-O Bg7 5. c4 Nf6 6. Nc3 O-O 7. d4 cxd4 8. Nxd4 d6 9. Nxc6 bxc6 10.
Bxc6 Rb8 11. Bg2 Nd7 12. Qd2 Ba6 13. b3 Qa5 14. Bb2 Ne5 15. Qc2 Nxc4 16. bxc4 Rxb2 17.
Qxb2 Bxc3 18. Qb3 Bxa1 19. Rxa1 Rc8 20. Rc1 Qd2 21. Rc2 Qd4 22. e3 Qd1+ 23. Bf1 d5 24.
Rc3 Qe1 25. Kg2 dxc4 26. Bxc4 Bxc4 27. Rxc4 Rxc4 28. Qxc4 Qa5 29. h4 e6 1/2-1/2

[Event "*** Titled Tuesday 3|2 Blitz (Early)"]
[Site "Chess.com"]
[Date "2017.01.03"]
[Round "3"]
[White "PowerThinking2650"]
[Black "LonesomeGeorge1"]
[Result "1-0"]
[WhiteElo "2273"]
[BlackElo "2171"]
[TimeControl "180+2"]
[EndTime "11:33:36 PST"]
[Termination "PowerThinking2650 won by resignation"]

1. e4 c5 2. Nf3 e6 3. d4 cxd4 4.
Nxd4 Nc6 5. Nb5 d6 6. c4 Nf6 7. N1c3 Be7 8. Bf4 Ne5 9. Bxe5 dxe5 10. Qxd8+ Bxd8 11. Nd6+ Ke7 12. O-O-O Bb6 13. f3 Rd8 14. Nxc8+ Rdxc8 15. Kc2 Rc6 16. b4 Bd4 17. Nb5 Be3 18.
Be2 a6 19. Nc3 Rac8 20. Kb3 R6c7 21. c5 b6 22. Bxa6 Ra8 23. Nb5 Rd7 24. Rxd7+ Nxd7 25.
Bb7 Rb8 26. c6 Nf6 27. c7 1-0

[Event "*** Titled Tuesday 3|2 Blitz (Early)"]
[Site "Chess.com"]
[Date "2017.01.03"]
[Round "3"]
[White "bivark"]
[Black "ChristopherYoo"]
[Result "1-0"]
[WhiteElo "2360"]
[BlackElo "2065"]
[TimeControl "180+2"]
[EndTime "11:33:53 PST"]
[Termination "bivark won by resignation"]

1. e4 e5 2. Nf3 Nc6 3. Bb5 Nf6 4.
O-O Bc5 5. Qe2 d6 6. c3 Bd7 7.
Rd1 Bb6 8. d4 Qe7 9. a4 a6 10.
Bxc6 Bxc6 11. d5 Bd7 12. a5 Ba7 13. Be3 Bxe3 14. Qxe3 O-O 15. c4 Rfb8 16. Nc3 b6 17. b4 bxa5 18. bxa5 Ng4 19. Qd2 Rb7 20. Rab1 Rab8 21.
Rxb7 Rxb7 22. Rb1 Rxb1+ 23. Nxb1 Nf6 24. Nc3 Qd8 25. Qb2 Qc8 26. Nd2 c6 27. Qb6 Kf8 28. f3 Ke7 29. c5 Ne8 30. Nc4 f5 31. cxd6+ Kf6 32. Qc5 1-0

[Event "*** Titled Tuesday 3|2 Blitz (Early)"]
[Site "Chess.com"]
[Date "2017.01.03"]
[Round "3"]
[White "IIIlllII1llIl"]
[Black "Haykos"]
[Result "0-1"]
[WhiteElo "2478"]
[BlackElo "2407"]
[TimeControl "180+2"]
[EndTime "11:33:54 PST"]
[Termination "Haykos won by resignation"]

1. e4 e5 2. Nc3 Nf6 3. Nf3 Nc6 4. d4 exd4 5. Nxd4 Bb4 6. Nxc6 bxc6 7. Bd3 O-O 8. O-O d5 9. exd5 cxd5 10. Bg5 c6 11. Qf3 Rb8 12. h3 Bd6 13. Rab1 Re8 14. Ne2 Bd7 15. Nd4 Be5 16. Nf5 h6 17. Bh4 Rxb2 18.
Rbe1 Rb4 19. Nxh6+ gxh6 20. Rxe5 Rxh4 21. Qg3+ Kf8 22.
Qxh4 Rxe5 23. Qxh6+ Ke7 24. g4 Qf8 25. Qf4 Qb8 26.
Kg2 Qd6 27. Qg3 c5 28. f4 Re6 29. g5 Ne4 30. Qf3 Nd2 31. Qh5 Nxf1 0-1